 Dungeon Crawl Stone Soup version 0.31-a0-188-g5e087ee2ca (webtiles) character file.

Game seed: 3225896426655506232

44 qw the Shooter (level 3, -2/20 HPs)
             Began as a Deep Elf Hunter on June 23, 2023.
             Slain by a mana viper (shapeshifter) (4 damage)
             ... on level 2 of the Dungeon.
             The game lasted 00:00:21 (1150 turns).

qw the Shooter (Deep Elf Hunter)                    Turns: 1150, Time: 00:00:22

Health: -2/20      AC:  3    Str: 10    XL:     3   Next: 39%
Magic:  0/5        EV: 12    Int: 13    God:
Gold:   881        SH:  0    Dex: 18    Spells: 2/2 levels left

rFire   + . .        Y - +1 shortbow (chaos)
rCold   . . .        (shield currently unavailable)
rNeg    . . .        c - +0 leather armour
rPois   .            (no helmet)
rElec   .            (no cloak)
rCorr   .            (no gloves)
SInv    .            (no boots)
Will    .....        (no amulet)
Stlth   ++           e - ring of protection from fire
HPRegen 0.23/turn    (no ring)
MPRegen 0.09/turn

%: no passive effects
@: no status effects
A: no striking features
a: no special abilities


You were on level 2 of the Dungeon.
You visited 1 branch of the dungeon, and saw 2 of its levels.

You collected 881 gold pieces.


   Skills:
 - Level 1.5 Fighting
 + Level 7.0 Ranged Weapons
 - Level 2.4 Dodging
 - Level 1.2 Stealth


You had 2 spell levels left.
You didn't know any spells.
Your spell library was empty.

Inventory:

Hand Weapons
 Y - a +1 shortbow of chaos (weapon)
Armour
 c - a +0 leather armour (worn)
 d - a +0 ring mail
Jewellery
 e - a ring of protection from fire (left hand)
 i - a ring of fire
Potions
 a - 2 potions of enlightenment {unknown}
 b - a potion of curing {unknown}
 f - a potion of lignification {unknown}
 k - a potion of degeneration {unknown}

Dungeon Overview and Level Annotations

Branches:
Dungeon (2/15)

Altars:


Message History

Found a whip.
Enter note:
Enter note:
Enter note:
Enter note: As you open the door, it creaks loudly!
There is an open door here.
You open the door.
A hobgoblin comes into view.
The hobgoblin shouts!
Enter note:
Enter note:
Enter note:
Enter note: You shoot an arrow.
The arrow closely misses the hobgoblin.
You shoot an arrow. The arrow hits the hobgoblin.
The hobgoblin is severely wounded.
You shoot an arrow.
The arrow hits the hobgoblin but does no damage.
The hobgoblin changes into a shapeshifter!
The shapeshifter changes into a yaktaur!
You shoot an arrow. The arrow barely misses the yaktaur.
You shoot an arrow. The arrow hits the yaktaur!
The yaktaur suddenly seems more resistant.
The yaktaur is lightly wounded.
You shoot an arrow.
The arrow hits the yaktaur but does no damage.
The yaktaur is lightly wounded.
The yaktaur changes into a mana viper!
You shoot an arrow. The arrow hits the mana viper.
The mana viper suddenly seems more agile.
The mana viper is moderately wounded.
You shoot an arrow. The arrow misses the mana viper.
The mana viper bites you!!
Ouch! That really hurt!
You feel your power leaking away.
You shoot an arrow. The arrow hits the mana viper.
The mana viper is moderately wounded.
The mana viper bites you.
You die...

##.## #.# #.#
##'## ##...##
##.....##
#.......##
#.........####...
+........@S......
#.........####...
##.......##
##.....## ##...##
##+#


You could see a mana viper shaped shifter (agile).

Vanquished Creatures
  An adder (D:2)
  A worm (D:2)
  2 dart slugs (D:1)
  2 bats (D:1)
  2 giant cockroaches (D:1)
  3 hobgoblins
  3 jackals (D:2)
  7 kobolds
  2 ball pythons (D:1)
  A frilled lizard (D:1)
  A goblin (D:1)
  2 rats (D:2)
27 creatures vanquished.

Notes
Turn   | Place    | Note
-------+----------+-------------------------------------------
     0 | D:1      | qw the Deep Elf Hunter began the quest for the Orb.
     0 | D:1      | Reached XP level 1. HP: 12/12 MP: 3/3
     0 | D:1      | 0 ||| qw: Version: 0.3-a-9-g12657ce
     0 | D:1      | 0 ||| qw: Game counter: 3866
     0 | D:1      | 0 ||| qw: Always use a shield: true
     0 | D:1      | 0 ||| qw: God list: Okawaru
     0 | D:1      | 0 ||| qw: Allow faded altars: false
     0 | D:1      | 0 ||| qw: Do Orc after D:15 true
     0 | D:1      | 0 ||| qw: Do second Lair branch before Depths: true
     0 | D:1      | 0 ||| qw: Lair rune preference: random
     0 | D:1      | 0 ||| qw: Plans: Normal
     0 | D:1      | 0 ||| PLANNING D:1-11
     6 | D:1      | Noticed a black bear
     6 | D:1      | Noticed a hog
     7 | D:1      | Noticed a lindwurm
   278 | D:1      | Reached XP level 2. HP: 16/16 MP: 4/4
   331 | D:1      | Reached skill level 6 in Ranged Weapons
   870 | D:1      | 870 ||| UPGRADING to ring of protection from fire.
   871 | D:1      | 871 ||| READING scroll labelled YTZOHU WODAU.
   872 | D:1      | 872 ||| READING scroll labelled ZOLUSA MUYNEAC.
   873 | D:1      | 873 ||| READING scroll labelled ESUCVUEMOU.
   874 | D:1      | 874 ||| READING scroll labelled BUADYMN NEJOH.
   874 | D:1      | Identified a scroll of acquirement
   874 | D:1      | 874 ||| ACQUIRING 853 gold pieces
   874 | D:1      | Acquired 853 gold pieces
   876 | D:1      | 876 ||| READING scroll labelled PIOLEMP YJUO.
   877 | D:1      | 877 ||| READING scroll labelled DEBYTU DIPRADU.
   878 | D:1      | 878 ||| DROPPING scroll of butterflies.
   948 | D:2      | Reached XP level 3. HP: 20/20 MP: 5/5
  1051 | D:2      | Reached skill level 7 in Ranged Weapons
  1144 | D:2      | a hobgoblin changed into a shapeshifter
  1144 | D:2      | Noticed a shapeshifter (shapeshifter)
  1144 | D:2      | a shapeshifter changed into a yaktaur
  1144 | D:2      | Noticed a yaktaur (shapeshifter)
  1147 | D:2      | a yaktaur changed into a mana viper
  1147 | D:2      | Noticed a mana viper (shapeshifter)
  1149 | D:2      | HP: 2/20 [mana viper (shapeshifter) (18)]
  1150 | D:2      | Slain by a mana viper (shapeshifter)

Levels and vault maps discovered:
D:1:      onia_arrival_zoo_common, layout_basic, serial_forest,
          infiniplex_forest_clump_small, infiniplex_forest_clump_tiny,
          infiniplex_forest_lined_4_way, infiniplex_forest_end_double,
          infiniplex_forest_clump_small, infiniplex_forest_straight_4,
          infiniplex_forest_lined_4_way, infiniplex_forest_straight_5,
          infiniplex_forest_lined_1
D:2:      layout_loops_corners

Skill      XL: |  1  2  3 |
---------------+----------+-----
Ranged Weapons | 6 7 |  7.0
Fighting       | |  1.5
Dodging        | |  2.4
Stealth        | |  1.2

Action                     || total
---------------------------++-------
   Fire: Shortbow          ||    71
    Use: Scroll            ||     6
 Armour: Leather armour    ||     1
  Dodge: Dodged            ||     3

Table legend:
 A = Non-vault XP
 B = Vault XP
 C = Vault XP percentage of total XP
 D = Non-vault monster count
 E = Vault monster count
 F = Vault count percentage of total count
                 A         B        C        D         E       F
            +---------+---------+-------+---------+---------+-------
      Total |      63 |       0 |   0.0 |      27 |       0 |   0.0
            +---------+---------+-------+---------+---------+-------
        D:1 |      28 |       0 |   0.0 |      15 |       0 |   0.0
        D:2 |      35 |       0 |   0.0 |      12 |       0 |   0.0
            +---------+---------+-------+---------+---------+-------
